 Dungeon Crawl Stone Soup version 0.31-a0-277-g31ea1f65cc (webtiles) character file.

Game seed: 14775378372637980321

303 porpoise the Shooter (level 6, -5/38 HPs)
             Began as a Kobold Hunter on July 16, 2023.
             Slain by Edmund
             ... wielding a +2 flail of protection
              (9 damage)
             ... on level 4 of the Dungeon.
             The game lasted 00:06:52 (2867 turns).

porpoise the Shooter (Kobold Hunter)                Turns: 2867, Time: 00:06:53

Health: -5/38      AC:  7    Str: 14    XL:     6   Next: 66%
Magic:  6/6        EV: 15    Int: 10    God:
Gold:   106        SH:  0    Dex: 21    Spells: 5/5 levels left

rFire   . . .        a - +0 shortbow
rCold   . . .        (shield currently unavailable)
rNeg    . . .        c - +0 leather armour
rPois   .            (no helmet)
rElec   .            s - +0 cloak
rCorr   +            i - +2 pair of gloves
SInv    .            (no boots)
Will    .....        k - amulet of regeneration
Stlth   ++++         f - ring of resist corrosion
HPRegen 1.06/turn    r - +6 ring of strength
MPRegen 0.10/turn

%: no passive effects
@: no status effects
A: small, no large weapons, nightstalker 3
a: no special abilities


You were on level 4 of the Dungeon.
You visited 1 branch of the dungeon, and saw 4 of its levels.

You collected 106 gold pieces.

Inventory:

Hand Weapons
 a - a +0 shortbow (weapon)
 b - a +3 rapier
Missiles
 e - 5 atropa-tipped darts
Armour
 c - a +0 leather armour (worn)
 i - a +2 pair of gloves (worn)
 s - a +0 cloak (worn)
 w - a scarf of shadows
Jewellery
 f - a ring of resist corrosion (left hand)
 k - an amulet of regeneration (around neck)
 r - a +6 ring of strength (right hand)
 x - a ring of see invisible
Wands
 t - a wand of mindburst (11)
 u - a wand of charming (3)
Scrolls
 g - a scroll of identify {unknown}
 l - a scroll of teleportation
 m - a scroll of fog {unknown}
 q - a scroll of butterflies
 v - a scroll of enchant armour {unknown}
Potions
 d - 5 potions of heal wounds {unknown}
 h - a potion of lignification {unknown}
 j - 2 potions of magic {unknown}
 n - 2 potions of curing {unknown}
 o - 2 potions of might {unknown}
 p - a potion of enlightenment {unknown}
 z - 2 potions of cancellation {unknown}


   Skills:
 + Level 4.0 Fighting
 * Level 7.9 Ranged Weapons
 - Level 2.4 Dodging
 + Level 4.5 Stealth


You had 5 spell levels left.
You didn't know any spells.
Your spell library contained the following spells:

 Spells                   Type           Power      Damage    Failure   Level
 Portal Projectile        Hex/Tloc       0%         N/A       82%         3
 Tukima's Dance           Hex            0%         N/A       82%         3
 Iskenderun's Mystic Bla  Conj/Tloc      0%         2d3       99%         4


Dungeon Overview and Level Annotations

Branches:
Dungeon (4/15)
 Temple: D:4-7

Altars:
Elyvilon
Makhleb

Annotations:
D:4 Edmund


Innate Abilities, Weirdness & Mutations

You are small and have problems with some larger weapons.
You are completely attuned to the shadows.


Message History

There is a stone staircase leading up here.
You now have 106 gold pieces (gained 4).
z - 2 brown potions (gained 1) Edmund the Younger comes into view.
He is wielding a +2 flail of protection.
You shoot an arrow. The arrow hits Edmund.
Edmund shouts!
Edmund is lightly wounded.
You shoot an arrow.
The arrow hits Edmund but does no damage.
Edmund is lightly wounded.
You hear a shout!
A gnoll comes into view. It is wielding a +0 halberd.
You hear a shout!
You shoot an arrow. The arrow barely misses Edmund.
Edmund hits you with a +2 flail of protection!
You shoot an arrow.
The arrow hits Edmund but does no damage.
Edmund is lightly wounded.
Edmund hits you with a +2 flail of protection.
You shoot an arrow.
The arrow hits Edmund but does no damage.
Edmund is lightly wounded.
Edmund hits you with a +2 flail of protection!
The gnoll hits you from afar with a +0 halberd.
You are too injured to fight recklessly!
You are too injured to fight recklessly!
Edmund attacks as you move away!
Edmund hits you with a +2 flail of protection!
* * * LOW HITPOINT WARNING * * *
You shoot an arrow. The arrow closely misses Edmund.
The arrow hits the gnoll but does no damage.
Edmund hits you with a +2 flail of protection.
* * * LOW HITPOINT WARNING * * *
The gnoll hits you from afar with a +0 halberd.
* * * LOW HITPOINT WARNING * * *
You shoot an arrow.
The arrow hits Edmund but does no damage.
Edmund is lightly wounded.
Edmund hits you with a +2 flail of protection!
You die...

............#.##.##.
............#.##.##.
..............<..###
##...########.####
#...# #.# #...#
##†## #...# #...#
#...# ###...###
#####.@.# #.......#
...###@### #......>#
.###....g..#
#.......#
.........#.#
###...#†###
.........#.#
#...#.... .........#
# #########
#..#..!#...
......#..#.
#..##.....


You could see Edmund and a gnoll.

Vanquished Creatures
  3 iron imps (D:3)
  Crazy Yiuf (D:3)
  An iguana (D:4)
  An orc wizard (D:4)
  Natasha (D:3)
  4 adders
  A dart slug (D:4)
  A worm (D:3)
  12 orcs
  7 bats
  7 endoplasms
  3 giant cockroaches
  3 goblins
  6 hobgoblins
  2 kobolds (D:1)
  2 quokkas
  8 ball pythons
  3 frilled lizards
  2 rats
68 creatures vanquished.

Notes
Turn   | Place    | Note
-------+----------+-------------------------------------------
     0 | D:1      | porpoise the Kobold Hunter began the quest for the Orb.
     0 | D:1      | Reached XP level 1. HP: 12/12 MP: 1/1
   107 | D:1      | Reached XP level 2. HP: 18/18 MP: 2/2
   681 | D:1      | Reached XP level 3. HP: 22/22 MP: 3/3
   905 | D:2      | Reached skill level 6 in Ranged Weapons
  1562 | D:3      | Reached XP level 4. HP: 27/27 MP: 4/4
  1853 | D:3      | Found a runed translucent door.
  1856 | D:3      | Noticed Crazy Yiuf
  1860 | D:3      | Killed Crazy Yiuf
  1952 | D:3      | Noticed Natasha
  1958 | D:3      | Killed Natasha
  1959 | D:3      | Reached XP level 5. HP: 21/32 MP: 5/5
  1989 | D:3      | Reached skill level 7 in Ranged Weapons
  2002 | D:3      | Found a white marble altar of Elyvilon.
  2101 | D:3      | Found a burning altar of Makhleb.
  2134 | D:3      | Reached XP level 6. HP: 33/37 MP: 6/6
  2855 | D:4      | Noticed Edmund
  2867 | D:4      | Slain by Edmund

Illustrated notes

Levels and vault maps discovered:
D:1:      shiori_arrival_oz, layout_basic, nicolae_hexahallways, minmay_tripent
D:2:      layout_rooms, minmay_hexomino_p4
D:3:      layout_basic, mainiacjoe_overflow_cross_hatched, demons_altar,
          uniq_crazy_yiuf_cottage, uniq_natasha
D:4:      layout_loops_cross, fedhas_altar_2, dreamdust_mushroom_princess,
          uniq_edmund

Skill      XL: |  1  2  3  4  5  6 |
---------------+-------------------+-----
Stealth        | 2 3 4 |  4.5
Ranged Weapons | 6 7 |  7.9
Fighting       | 3 4 |  4.0
Dodging        | |  2.4

Action                     |  1- 3 |  4- 6 || total
---------------------------+-------+-------++-------
  Melee: Rapier            |     1 |       ||     1
   Fire: Shortbow          |    92 |   130 ||   222
    Use: Scroll            |       |     1 ||     1
 Armour: Leather armour    |     9 |     8 ||    17
  Dodge: Dodged            |    21 |    35 ||    56

Table legend: (Time is in decaauts)
 A = Elapsed time spent in this place.
 B = Non-inter-level travel time spent in this place.
 C = Inter-level travel time spent in this place.
 D = Time resting spent in this place.
 E = Time spent auto-exploring this place.
 F = Levels seen in this place.
 G = Mean time per level.
                   A        B        C        D        E       F      G
               +--------+--------+--------+--------+--------+-----+--------+
         Total |   2897 |   2770 |    127 |    107 |   2213 |   4 |  724.2 |
       Dungeon |   2897 |   2770 |    127 |    107 |   2213 |   4 |  724.2 |
               +--------+--------+--------+--------+--------+-----+--------+

Top non-repeatable levels by time:
     D:3: 1185 daAuts
     D:1: 867 daAuts
     D:2: 469 daAuts
     D:4: 374 daAuts
